AoeStats
← Jose_HPls

Nomad

513675186Analyzed
3v3 RM · 5d ago on Oct 14, 2026· 55m 28s· 6 players
Game mode
Random Map
Map size
210×210
Population
200
Speed
Normal
Resources
Standard
Victory
Conquest
Starting age
Dark Age
Ending age
Imperial Age
RankedLock teamsTeams togetherTeam positionsShared explorationLock speedFull tech treeHidden civsTurbo modeCheats
Victory
Defeat
🇲🇽 Japanese · Mexico
727
+24
🇦🇷 Chinese · Argentina
724
+14
🇦🇷 Mongols · Argentina
663
+18
vs
🇧🇪 Huns · Belgium
740
-17
🇵🇱 Persians · Poland
674
-15
🇬🇧 Varangians · United Kingdom
646
-14
MafiaTurkish58
15:07 Feudal Age
18:34 Double-Bit Axe
21:43 Castle Age
20:01 Gold Mining
24:22 Town Watch
29:47 Horse Collar
31:47 Gold Shaft Mining
32:04 Bow Saw
33:35 Marauders
34:04 Scale Barding Armor
34:16 Forging
34:20 Husbandry
34:35 Bloodlines
34:47 Heavy Plow
39:34 Imperial Age
37:35 Chain Barding Armor
39:41 Elite Tarkan
Klejnot NILU Testo
16:34 Feudal Age
19:07 Wheelbarrow
30:06 Castle Age
27:58 Horse Collar
30:54 Gold Mining
30:55 Stone Mining
31:09 Heavy Plow
34:43 Hand Cart
43:11 Imperial Age
40:45 Kamandaran
41:30 Thumb Ring
jsx_001
6:46 Loom
16:32 Feudal Age
16:54 Man-at-Arms
17:54 Arson
21:53 Fletching
22:58 Scale Mail Armor
26:26 Horse Collar
32:11 Castle Age
32:05 Double-Bit Axe
32:18 Gold Mining
33:14 Bow Saw
32:35 Crossbowman
33:35 Elite Skirmisher
35:20 Squires
37:14 Bodkin Arrow
39:13 Gambesons
Nicolobo22
4:03 Loom
16:48 Feudal Age
18:14 Fishing Lines
21:30 Padded Archer Armor
21:46 Fletching
30:59 Castle Age
32:45 Thumb Ring
34:32 Crossbowman
35:11 Bodkin Arrow
35:27 Elite Skirmisher
36:25 Gold Mining
36:26 Stone Mining
38:16 Ballistics
Jose_HPls
15:40 Feudal Age
15:57 Loom
17:32 Double-Bit Axe
26:00 Castle Age
25:17 Wheelbarrow
27:05 Horse Collar
28:29 Gold Mining
29:22 Thumb Ring
31:29 Fletching
31:40 Padded Archer Armor
33:13 Hand Cart
35:35 Bloodlines
38:31 Bodkin Arrow
38:51 Leather Archer Armor
40:43 Ballistics
43:08 Imperial Age
48:32 Heavy Cavalry Archer
52:31 Ring Archer Armor
52:02 Bracer
52:18 Husbandry
0800goon
3:48 Loom
20:03 Feudal Age
21:20 Wheelbarrow
20:40 Double-Bit Axe
22:59 Gold Mining
23:01 Stone Mining
22:56 Horse Collar
27:20 Castle Age
34:29 Imperial Age
33:14 Husbandry
33:24 Bloodlines
33:22 Town Watch
34:47 Forging
34:40 Scale Mail Armor
35:13 Squires
35:44 Pikeman
36:21 Fletching
37:00 Scale Barding Armor
38:06 Iron Casting
37:34 Padded Archer Armor
37:50 Heavy Plow
38:14 Bow Saw
40:12 Blast Furnace
39:33 Chain Barding Armor
39:45 Bodkin Arrow
40:07 Chain Mail Armor
44:06 Chemistry
43:19 Fortified Wall
43:37 Conscription
43:55 Hoardings
47:02 Heavy Camel Rider
49:39 Bracer
49:54 Leather Archer Armor
50:10 Plate Mail Armor
51:13 Hand Cart
54:16 Elite Steppe Lancer
Connection lost

Rejoining the realm…

Still unreachable

The connection could not be restored.

Session expired

The server has moved on; the page needs a fresh start.